[Event "Slovakia Open 2022"]
[Site "Bratislava"]
[Date "2022.10.01"]
[Round "4.5"]
[White "Kraus, Tomas"]
[Black "Nestorenko, Dmitry"]
[Result "1-0"]
[ECO "C01"]
[WhiteElo "2479"]
[BlackElo "2168"]
[Annotator "TA"]
[PlyCount "165"]
[EventDate "2022.09.30"]
[EventCountry "SVK"]
[SourceTitle "playchess.com"]
[Source "ChessBase"]
[SourceQuality "1"]
[TimeControl "2700+10"]

1. d4 e6 2. e4 d5 3. Bd3 c5 4. exd5 Qxd5 5. Nc3 Qd8 6. Nf3 {[%emt 0:02:20][%cal Od4d5] C01: French: Exchange Variation.} Nc6 7. dxc5 Bxc5 8. a3 {[%emt 0:00:08] White is slightly better.} Nf6 9. O-O O-O {[%emt 0:02:59] [#]} 10. Qe2 $146 ({Predecessor:} 10. b4 Bd6 11. Bb2 Ne5 12. Nxe5 Bxe5 13. Qe2 Qc7 14. Nb5 Bxh2+ 15. Kh1 Qf4 16. Bxf6 gxf6 {1-0 (48) Ibarra Jerez,J (2563)-Shetty,A (2366) Chess.com INT 2016}) 10... h6 11. Rd1 Qe7 12. b4 (12. Ne4 $14) 12... Nd4 $11 13. Nxd4 Bxd4 {[%emt 0:00:02] [#]} 14. Bh7+ $1 Kxh7 15. Rxd4 e5 {[%emt 0:01:26] Against Bf4} 16. Bb2 (16. Nb5 {keeps more tension.} a6 17. Nd6 Bg4 18. Rxg4 Qxd6 19. Rg3) 16... Re8 17. Rd2 Bf5 18. Rad1 (18. Nb5 {seems wilder.} Ne4 19. Rd5 a6 20. Rxe5 Qg5 21. Nd4) 18... a6 19. Nd5 Nxd5 20. Rxd5 f6 21. c4 Be6 22. Rd6 Kh8 (22... Qf7 {looks sharper.} 23. c5 Bb3 24. R1d2 Ba4) 23. Qd3 Bg4 24. Rd2 Rac8 25. c5 Be6 26. h3 Rc7 27. Kh2 (27. f4 $5) 27... Rec8 (27... Qf7 $11 {keeps the balance.}) 28. f4 $1 $16 e4 (28... exf4 $2 29. Re2 Bf5 30. Rxe7 $18) 29. Qxe4 Bb3 (29... Re8 $16 30. f5 Bb3) 30. Qf5 $18 {[%emt 0:01:01][%cal Rd6f6] Strongly threatening Rxf6!} Kg8 {[%emt 0:01:41] [#]} 31. Qg6 (31. Bxf6 $1 $18 Rf8 32. Qd3 Rxf6 33. Qxb3+ Qf7 34. Qd3 Rxd6 35. cxd6) 31... Rf8 32. Qd3 (32. Qg4 $1 $18 {Threatens to win with Re2.} Rf7 33. Rd8+ Rf8 34. R8d7 Rxd7 35. Rxd7) 32... Ba4 $14 33. Re2 Qf7 34. Re3 {[%emt 0:00:18][%cal Od6f6] Rxf6! is the strong threat.} Bb5 35. Qd4 Qc4 (35... Re7 $11) 36. Qxc4+ $16 Bxc4 37. Kg3 Bb5 38. f5 Kf7 39. Kf4 {[%emt 0:00:05] White is much more active.} (39. Kh4 $14 {is more appropriate.}) 39... Re8 $11 40. Rxe8 Bxe8 {[%emt 0:00:17][%mdl 4096] Endgame KRB-KRB} 41. g4 Re7 42. Rd3 Bc6 43. Re3 Rd7 $1 44. h4 Rd2 45. Bc3 Rc2 46. Kg3 Ra2 47. Be1 Rc2 48. Bf2 Rc4 49. Kh3 Rc2 50. Be1 Bg2+ 51. Kg3 Bc6 52. Bf2 Rc4 53. Rd3 Bb5 54. Re3 Bc6 55. h5 Rc2 56. Rb3 Ba4 57. Rd3 Bb5 58. Re3 Bc6 59. Be1 Ra2 60. Kh3 Bg2+ 61. Kh4 Bc6 62. Bg3 Bb5 63. a4 Re2 $2 {[%emt 0:00:37][%mdl 8192] [#]} (63... Rxa4 $11 64. Be1 (64. Bd6 Bc6 $11) 64... Ra1) 64. Rxe2 $2 (64. axb5 $1 $18 {and White stays clearly on top.} Rxe3 65. c6 bxc6 66. b6) 64... Bxe2 $18 {[%emt 0:00:01] KB-KB} 65. Bd6 Ke8 66. Kg3 Kf7 67. Kf4 Ke8 68. Bc7 Kd7 69. Bd6 {[%emt 0:00:05] Black must now prevent Bf8.} Ke8 $1 {[%emt 0:00:01] Prevents Bf8.} 70. Kg3 Kf7 $1 71. Bf4 Ke8 72. Bd2 Kd7 73. Bc3 Bd1 (73... Kc6 $14) 74. b5 $1 Bxa4 $2 {[%emt 0:00:19] [#]} (74... axb5 75. axb5 Be2) 75. c6+ $1 bxc6 $2 (75... Kc7 76. cxb7 axb5) 76. bxa6 {[%emt 0:00:04] a7 would kill now. White is clearly winning.} c5 77. a7 Bc6 {[%emt 0:00:04] [#]} 78. g5 $1 Ke7 79. g6 Bd5 80. Kf4 Kf8 81. Bb2 Ke8 82. Ba3 c4 83. Bb4 {[%emt 0:00:01] Weighted Error Value: White=0.16 (very precise) /Black=0.13 (very precise)} 1-0

[Event "Slovakia Open 2022"]
[Site "Bratislava"]
[Date "2022.10.01"]
[Round "4.6"]
[White "Babula, Vlastimil"]
[Black "Rakhmangulova, Anastasiya"]
[Result "1-0"]
[ECO "B87"]
[WhiteElo "2574"]
[BlackElo "2244"]
[Annotator "TA"]
[PlyCount "35"]
[EventDate "2022.09.30"]
[EventCountry "SVK"]
[SourceTitle "playchess.com"]
[Source "ChessBase"]
[SourceQuality "1"]
[TimeControl "2700+10"]

1. e4 c5 2. Nf3 d6 3. d4 cxd4 4. Nxd4 Nf6 5. Nc3 a6 6. Bc4 e6 7. Bb3 b5 8. O-O Be7 9. Qf3 Qc7 10. Qg3 Bb7 {[%emt 0:04:55] [#] B87: Sicilian Scheveningen/Najdorf: 6 Bc4, with early ...b5.} (10... O-O $11) 11. Bxe6 $1 $16 {[%emt 0:03:02][%mdl 512] White is more active.} fxe6 12. Nxe6 Qd7 {[%emt 0:06:35] White is clearly better.} 13. Nxg7+ {[%emt 0:00:41] [#]} ({Avoid the trap} 13. Qxg7 $2 Rg8 14. Qh6 Qxe6 $19) 13... Kf7 $146 (13... Kf8 $16) ({Predecessor:} 13... Kd8 14. Nf5 Rg8 15. Qf3 Nc6 16. Bf4 b4 17. Na4 Na5 18. Nb6 Qxf5 19. exf5 Bxf3 {½-½ (80) Mussanti,D (2327)-Shen,A ICC INT 2009}) 14. Nf5 $18 Bf8 {[%emt 0:00:08] Prevents Qg7+.} 15. Qf3 {[%emt 0:12:20] Chess con chili.} (15. f3 $18) 15... Nc6 $2 (15... Qe6 $1 $14) 16. Bg5 {[%emt 0:01:10] Hoping for Bxf6.} Qe6 (16... Ne5 17. Nh6+ Ke8 18. Qxf6 Bg7) 17. Bxf6 {[%emt 0:04:34][%mdl 64] Strongly threatening Nd5. Remove Defender, Deflection} ({And not} 17. Nd5 Ne5 18. Qf4 Bxd5 19. exd5 Nxd5 $11) 17... Qxf6 18. Nd5 {[%emt 0:00:01][%mdl 64] Deflection.  Weighted Error Value: White=0.21 (precise) /Black=1.00} 1-0

[Event "Slovakia Open 2022"]
[Site "Bratislava"]
[Date "2022.10.01"]
[Round "4.7"]
[White "Machata, Martin"]
[Black "Lecky, Juraj"]
[Result "1/2-1/2"]
[ECO "B23"]
[WhiteElo "2212"]
[BlackElo "2070"]
[Annotator "TA"]
[PlyCount "40"]
[EventDate "2022.09.30"]
[EventCountry "SVK"]
[SourceTitle "playchess.com"]
[Source "ChessBase"]
[SourceQuality "1"]
[TimeControl "2700+10"]

1. e4 c5 2. Nc3 d6 3. f4 g6 4. Nf3 Bg7 5. Bc4 Nc6 6. O-O e6 7. d4 {[%emt 0:00:01] B23: Closed Sicilian: Lines without g3.} Nxd4 ({Black should try} 7... cxd4 $11 8. Nb5 Nge7) 8. Be3 $14 Qb6 9. Nxd4 {[%emt 0:05:42] White has an edge.} cxd4 {[%emt 0:08:55] [#]} 10. Na4 $146 ({Predecessor:} 10. Bf2 Ne7 11. Nb5 O-O 12. Nxd4 Qxb2 13. Qd3 Qb4 14. c3 Qa5 15. Bh4 Nc6 16. f5 {0-1 (48) Cardwell,G (1862)-Yanayt,E (2080) Ledyard 2022}) 10... Qc6 11. Bxd4 Nf6 {[%emt 0:00:26] [#]} (11... e5 $2 {[#]} 12. Qd3 $1 (12. Bxf7+ Kxf7 13. fxe5+ Bf6 $14) 12... exd4 13. Bb5 $18) 12. Qe2 {[%emt 0:02:39] Threatens to win with Bb5.} O-O 13. Nc3 e5 {[%emt 0:04:52] [#]} 14. Nd5 $1 Nxd5 15. Bxd5 Qc7 16. Bc3 (16. fxe5 $5 Be6 17. Rad1 $14) 16... Be6 17. Rad1 exf4 {[%emt 0:02:20] Hoping for ...Bxd5.} 18. Bxg7 Kxg7 19. c3 Bxd5 20. Rxd5 Rae8 {[%emt 0:00:01] Weighted Error Value: White=0.10 (very precise) /Black=0.09 (flawless)} 1/2-1/2

[Event "Slovakia Open 2022"]
[Site "Bratislava"]
[Date "2022.10.01"]
[Round "4.9"]
[White "Chlpek, Daniel"]
[Black "Pasti, Aron"]
[Result "0-1"]
[ECO "A06"]
[WhiteElo "2020"]
[BlackElo "2350"]
[Annotator "TA"]
[PlyCount "56"]
[EventDate "2022.09.30"]
[EventCountry "SVK"]
[SourceTitle "playchess.com"]
[Source "ChessBase"]
[SourceQuality "1"]
[TimeControl "2700+10"]

1. Nf3 d5 2. e3 c5 3. b3 Nf6 4. Bb2 Bg4 5. Bb5+ Nbd7 {[%emt 0:00:18] [#]} 6. d4 $146 {[%emt 0:01:06] A06: Réti Opening: 1 Nf3 d5.} ({White should play} 6. h3 $14 Be6 7. O-O) ({Predecessor:} 6. h3 Bxf3 7. Qxf3 a6 8. Bxd7+ Qxd7 9. O-O Rg8 10. c4 O-O-O 11. Nc3 Kb8 12. cxd5 Nxd5 13. Qxf7 {1-0 (29) Seel,C (2475)-Engel,L (2536) Playchess.com INT 2020}) 6... e6 7. O-O cxd4 8. exd4 {[%emt 0:01:14] The position is equal.} Bd6 9. Nbd2 a6 10. Be2 Qc7 11. h3 Bf5 12. c4 dxc4 13. Nxc4 O-O 14. Nce5 Nd5 15. Rc1 Qd8 16. Nxd7 Qxd7 17. Ne5 Qd8 18. Bf3 Bb8 19. Ba3 Re8 20. Nc4 (20. Qd2 $11) 20... Bf4 $15 21. Ra1 $1 Qg5 22. Bg4 Be4 {[%emt 0:05:08][%cal Oh7h5] Hoping for ...h5!} 23. Bb2 ({Better is} 23. g3) 23... b5 24. Ne5 f6 (24... Rac8 $17 {...Rc2 is the strong threat.} 25. Re1 Bf5) 25. Nd3 {[%emt 0:00:36] [#]} Bd6 ({Black should try} 25... Bxg2 $1 $17 26. Kxg2 f5) 26. Bf3 {[%emt 0:05:42] [#]} (26. Re1 $1 $11) 26... Nf4 $1 $17 {[%emt 0:03:51] Black is much more active. The white rooks are badly placed.} 27. Bxe4 $4 (27. Nxf4 $17 Qxf4 28. Re1) 27... Nxh3+ $1 $19 28. Kh1 Qh4 {[%emt 0:00:03][%csl LRe4,LRf2] Weighted Error Value: White=0.37/Black=0.14 (very precise)} 0-1

[Event "Slovakia Open 2022"]
[Site "Bratislava"]
[Date "2022.10.01"]
[Round "4.10"]
[White "Kostolansky, Sebastian Lukas"]
[Black "Mandak, Miroslav"]
[Result "1-0"]
[ECO "B52"]
[WhiteElo "2398"]
[BlackElo "1864"]
[Annotator "TA"]
[PlyCount "93"]
[EventDate "2022.09.30"]
[EventCountry "SVK"]
[SourceTitle "playchess.com"]
[Source "ChessBase"]
[SourceQuality "1"]
[TimeControl "2700+10"]

1. e4 c5 2. Nf3 d6 3. Bb5+ Bd7 4. Bxd7+ Qxd7 5. O-O Nc6 6. c3 Nf6 7. Re1 e5 8. d4 Be7 9. d5 {[%emt 0:03:17] B52: Sicilian: Moscow Variation with 3...Bd7.} Nd8 10. c4 O-O 11. Nc3 {[%emt 0:00:02][%cal Bb1c3,Bc3a4,Ba4b6,Bb6d7][%mdl 32] White is better.} Ne8 {[%emt 0:00:48] [#]} 12. Be3 $146 ({Predecessor:} 12. Qd3 Bf6 13. Rb1 g6 14. Bh6 Bg7 15. Bxg7 Nxg7 16. b4 cxb4 17. Rxb4 b6 18. Reb1 {1-0 (46) Fievet,P (2091)-Ane,R (1993) Pau 2008}) 12... Nc7 13. Nd2 a6 {[%emt 0:02:24] [#]} (13... g6 $16) 14. Na4 $1 $18 {[%emt 0:01:55][%cal Ob2b4] Threatens to win with b4!} Rb8 15. Nb6 Qe8 16. Qg4 {[%emt 0:09:58] And now Bh6 would win. White is more active.} f5 (16... f6 $16 {might work better.} 17. Qh3 Rf7) 17. exf5 $40 {[%emt 0:00:12][%mdl 128] Strongly threatening Ne4. White attacks with force.} Na8 $2 {[%emt 0:00:24] [#]} (17... Kh8 {is a better defense.} 18. Ne4 Na8) 18. f6 (18. Bh6 Rf7 $18) 18... Rxf6 19. Nd7 Rg6 20. Qh3 Nf7 21. Nxb8 Qxb8 22. b4 b6 23. bxc5 dxc5 24. Rab1 Qd8 25. f4 Nc7 26. f5 Rf6 27. Ne4 Ne8 28. Nxf6+ ({Don't play} 28. Bg5 Nxg5 29. Nxg5 h6 $18) 28... Bxf6 29. Bf2 Ned6 30. Qb3 b5 31. cxb5 c4 32. Qc2 axb5 33. a4 bxa4 34. Qxa4 h6 35. Bb6 Qc8 36. Rf1 Kh7 37. Qc6 Qf8 38. Bc7 e4 39. Rbc1 Qe7 40. Rxc4 Nxc4 41. Qxc4 Ne5 42. Qc2 e3 (42... Ng4 $142 43. Bf4 Be5) 43. d6 {[%emt 0:00:17] White is clearly winning.} Qd7 44. Qe4 Nf7 45. Qe6 e2 46. Re1 (46. Qxd7 $2 {is a self mate.} Bd4+ 47. Kh1 exf1=Q#) 46... Bd4+ 47. Kh1 {[%emt 0:00:01] Black did not feel at home in the position after the opening.  Weighted Error Value: White=0.16 (very precise) /Black=0.35} 1-0

[Event "Slovakia Open 2022"]
[Site "Bratislava"]
[Date "2022.10.01"]
[Round "4.11"]
[White "Panko, Radoslav"]
[Black "Novosadova, Kristyna"]
[Result "0-1"]
[ECO "A45"]
[WhiteElo "1996"]
[BlackElo "2151"]
[Annotator "TA"]
[PlyCount "108"]
[EventDate "2022.09.30"]
[EventCountry "SVK"]
[SourceTitle "playchess.com"]
[Source "ChessBase"]
[SourceQuality "1"]
[TimeControl "2700+10"]

1. d4 Nf6 2. Bg5 Ne4 3. h4 h6 4. Bf4 d5 5. Nd2 Bf5 6. Nxe4 {[%emt 0:00:53] A45: Trompowsky Attack.} Bxe4 7. e3 c6 8. f3 {[%emt 0:01:36] [#] The position is equal.} Bf5 $146 ({Predecessor:} 8... Bh7 9. c3 Qb6 10. Qb3 e6 11. Bxb8 Rxb8 12. Qxb6 axb6 13. Nh3 Bd6 14. Kf2 e5 15. dxe5 Bxe5 {½-½ (63) Echegaray,P (2270)-Alvarez Ibarra,R (2385) Ermua 1990}) 9. c4 Qa5+ 10. Kf2 e6 11. Qb3 Qb6 12. c5 Qxb3 13. axb3 Nd7 14. b4 Be7 15. g4 Bg6 16. Ne2 O-O 17. Nc1 a6 18. Bd3 Rae8 19. Bxg6 fxg6 20. Nd3 g5 21. hxg5 hxg5 22. Be5 Kf7 23. Kg2 Kg6 24. Rh5 Rh8 25. Rxh8 Rxh8 26. Rh1 Ra8 27. Ra1 (27. Rh5 $14) 27... Bf6 28. Bc7 Rc8 29. Bd6 Re8 {[%emt 0:00:20] [#]} (29... Kf7 $14) 30. Be5 (30. b5 $1 $16 {[%cal Rb5c6] Black must now prevent bxc6.} axb5 31. Ra7) 30... Kf7 31. Rh1 Nf8 32. Kg3 Ng6 33. Bxf6 Kxf6 $14 {[%emt 0:00:16][%mdl 4096] Endgame KRN-KRN} 34. f4 $1 {[%emt 0:00:16] Inhibits e5.} gxf4+ 35. exf4 Ra8 36. Ra1 Rh8 37. Nf2 Nf8 38. Rh1 (38. Nh3 $16) 38... Rxh1 $11 39. Nxh1 {[%emt 0:00:01] KN-KN} g5 40. Nf2 gxf4+ 41. Kxf4 Ng6+ 42. Ke3 Kg5 {[%emt 0:00:30] Threatens to win with ...e5.} 43. Nd3 {[%emt 0:01:52] Prevents e5.} (43. Kf3 $1 $11) 43... Kxg4 $19 44. Nc1 {[%emt 0:00:09] [#]} e5 $1 45. dxe5 Nxe5 {[%emt 0:00:02] And now ...Nc4+ would win.} 46. Nb3 $2 (46. b3 {is more resistant.}) 46... Nc4+ 47. Kd4 Kf4 48. Kc3 Ke4 {[%emt 0:00:23] Strongly threatening ...Ne5.} 49. Nd4 {[%emt 0:00:16] [#]} (49. Nc1 $142 Ne3 50. Ne2) 49... Nxb2 $1 {[%emt 0:00:21][%mdl 512] ( -> ...Na4+)} 50. Ne6 (50. Ne2 Nd1+) 50... Nd1+ 51. Kb3 d4 52. Nd8 d3 53. Nxb7 Nf2 54. Nd6+ Ke3 {[%emt 0:00:01] Weighted Error Value: White=0.40/Black=0.12 (very precise)} 0-1

[Event "Slovakia Open 2022"]
[Site "Bratislava"]
[Date "2022.10.01"]
[Round "4.12"]
[White "Hnatyshyn, Anastasiia"]
[Black "Kijac, Miroslav"]
[Result "1-0"]
[ECO "C05"]
[WhiteElo "2087"]
[BlackElo "2078"]
[Annotator "TA"]
[PlyCount "55"]
[EventDate "2022.09.30"]
[EventCountry "SVK"]
[SourceTitle "playchess.com"]
[Source "ChessBase"]
[SourceQuality "1"]
[TimeControl "2700+10"]

1. e4 e6 2. d4 d5 3. Nd2 Nf6 4. e5 Nfd7 5. f4 c5 6. c3 b6 7. Ndf3 Be7 8. h4 {[%emt 0:00:12] C05: French Tarrasch: 3...Nf6 4 e5 Nfd7, 5 f4 and 5 Bd3 sidelines.} Ba6 9. Bxa6 Nxa6 {[%emt 0:00:00] [#]} 10. h5 $146 {[%emt 0:00:27] White is slightly better.} ({Predecessor:} 10. f5 exf5 11. Qd3 Qc8 12. Qxf5 cxd4 13. Nxd4 g6 14. Qf1 Qc4 15. Ngf3 Nac5 16. Qxc4 dxc4 {0-1 (36) Certic,B (2435)-Drasko,M (2520) Niksic 1997}) 10... h6 11. Ne2 Qc7 12. Qd3 Qb7 13. f5 {[%emt 0:01:32] [#] aiming for fxe6.} Nc7 14. g4 O-O-O 15. Bd2 f6 (15... c4 $14 16. Qb1 b5) 16. O-O-O $16 Rhf8 17. Nh4 {[%emt 0:03:39][%cal Bf3h4,Bh4g6,Bg6h8,Bh8f7,Bf7d6][%mdl 32] White is more active.} fxe5 18. Ng6 Rf7 {[%emt 0:03:41] This move loses the game for Black.} ({Black should play} 18... Bf6 $14) 19. dxe5 $18 {[%emt 0:00:30] Strongly threatening fxe6.} ({Don't play} 19. Nxe5 $6 Nxe5 20. dxe5 Qc6 $14) 19... Nf8 {[%emt 0:00:36] [#]} (19... c4 {is a better chance.} 20. Qc2 Nc5) 20. Nh8 {[%emt 0:03:38] White is clearly winning.} c4 21. Qc2 Na6 22. Nxf7 Rd7 23. Nd4 Nc5 24. fxe6 Nfxe6 25. Nxe6 Nxe6 26. Qf5 Qc6 27. Nd6+ Kb8 28. Qxe6 {[%emt 0:00:05] Weighted Error Value: White=0.06 (flawless) /Black=0.65} 1-0

[Event "Slovakia Open 2022"]
[Site "Bratislava"]
[Date "2022.10.01"]
[Round "4.13"]
[White "Sobek, Michal"]
[Black "Nytra, Ondrej"]
[Result "1/2-1/2"]
[ECO "A07"]
[WhiteElo "2156"]
[BlackElo "2233"]
[Annotator "TA"]
[PlyCount "103"]
[EventDate "2022.09.30"]
[EventCountry "SVK"]
[SourceTitle "playchess.com"]
[Source "ChessBase"]
[SourceQuality "1"]
[TimeControl "2700+10"]

1. Nf3 d5 2. g3 g6 3. Bg2 Bg7 4. O-O Nf6 5. c4 dxc4 6. Na3 O-O {[%emt 0:01:18] A07: Réti Opening: New York and Capablanca Systems.} 7. Nxc4 c6 8. d3 ({Better is} 8. b3 $14) 8... Nbd7 9. Qc2 Nb6 10. Be3 {[%emt 0:01:31] [#]} Be6 $146 ({Predecessor:} 10... Nfd5 11. Bd2 Re8 12. e4 Nf6 13. Bc3 Be6 14. Ne3 Ng4 15. Nxg4 Bxg4 16. Bxg7 Kxg7 {1-0 (47) Marjanovic,A (2353)-Maltsevskaya,A (2396) Chess.com INT 2022}) 11. Rad1 Nxc4 12. dxc4 Qa5 13. Nd4 Bg4 14. h3 Bc8 15. b4 (15. Bd2 $11 Qb6 16. Bf4) 15... Qxb4 $15 16. Nb3 Bf5 17. Qc1 Be6 $1 18. Rd4 Nd7 19. Rd2 Rfd8 $2 (19... Nb6 $1 $17 {and life is bright.} 20. Bc5 Qxc4 21. Bxe7 Rfe8) 20. Rfd1 $16 {[%emt 0:01:17][%cal Ob3c5] Strongly threatening Nc5!} Qc3 21. Qxc3 (21. Qa3 $1 $16) 21... Bxc3 $14 22. Rd3 Bb4 {[%emt 0:00:01] [#]} 23. Bc5 $1 a5 24. Bxb4 (24. Bb6 $5) 24... axb4 25. Nc5 $1 $36 {[%emt 0:00:04][%mdl 2048] White is pushing.} Kg7 $2 26. Rd4 $4 ({Less strong is} 26. Nxd7 Bxc4 27. Nb6 (27. Rd4 b5 $11) 27... Bxd3 28. Nxa8 Rxa8 29. exd3 Rxa2 $14) (26. Nxe6+ $18 {is the narrow road to win.} fxe6 27. Rxd7 Rxd7 28. Rxd7) 26... Nxc5 $19 27. Rxd8 Rxd8 (27... Rxa2 $19 {White must now prevent ...b3.} 28. Rb1 b3) 28. Rxd8 {[%emt 0:00:10][%mdl 4096] Endgame KRB-KBN} Na4 29. Rd4 $2 (29. e3 $11) 29... b3 $4 (29... Nc3 30. Rd2 $17) (29... c5 $19 30. Rd8 Bxc4) 30. c5 (30. axb3 $18 Nc5 31. b4) 30... Kf6 $4 31. axb3 ({White must play} 31. Rxa4 $18 bxa2 32. Kf1) 31... Nxc5 (31... Bxb3 $11 {remains equal.} 32. Rd3 (32. Rf4+ Ke6 $11) 32... Bc4) 32. e4 $2 ({Only move:} 32. b4 $16 Nd7 33. f3) 32... Bxb3 $11 33. Rb4 (33. Rd2 $11) 33... Ba2 34. f4 Ke6 35. Bf1 (35. Rd4 $11) 35... b5 (35... Kd6 $15 {is superior.}) 36. Bxb5 $2 cxb5 $17 37. Rxb5 {[%emt 0:00:04] [#]} Kd6 38. e5+ Kc6 39. Rb8 h5 40. Rc8+ Kd5 41. Rc7 Ne4 42. Rxe7 Nxg3 43. Rxf7 {[%emt 0:01:52] [#]} Ke4 $1 44. Ra7 (44. Rf6 $17) 44... Bd5 $19 45. Ra4+ Kf3 46. Kh2 (46. Ra5 $19 Ne2+ 47. Kf1 Nxf4 48. Ra3+ Ke4 49. h4) 46... Ne2 $2 (46... Kf2 {mates} 47. Ra1 h4 48. f5 gxf5 49. e6 Nf1+ 50. Rxf1+ Kxf1 51. e7 Bc6 52. e8=B Bxe8 53. Kh1 Bd7 54. Kh2 f4 55. Kh1 Kf2 56. Kh2 f3 57. Kh1 Kg3 58. Kg1 f2+ 59. Kh1 f1=Q#) 47. Ra6 Nxf4 48. Rf6 $2 (48. h4) 48... Ke4 $2 (48... h4 $19 49. Rf8 Ke4) 49. Kg3 $11 {[%emt 0:00:24] The position is equal.} g5 50. h4 gxh4+ 51. Kxh4 Kxe5 52. Rxf4 {[%emt 0:00:01][%mdl 64] Remove Defender. A wild game.  Weighted Error Value: White=1.04/Black=0.91} 1/2-1/2

[Event "Slovakia Open 2022"]
[Site "Bratislava"]
[Date "2022.10.01"]
[Round "4.14"]
[White "Mizicka, Matus"]
[Black "Vadila, Ondrej"]
[Result "0-1"]
[ECO "A45"]
[WhiteElo "1975"]
[BlackElo "2178"]
[Annotator "TA"]
[PlyCount "162"]
[EventDate "2022.09.30"]
[EventCountry "SVK"]
[SourceTitle "playchess.com"]
[Source "ChessBase"]
[SourceQuality "1"]
[TimeControl "2700+10"]

1. d4 Nf6 2. Nc3 c5 3. dxc5 Na6 4. e4 Nxc5 5. e5 Nfe4 $2 {[%emt 0:00:04] [#]} (5... Ng8 $16 6. Nf3 b6) 6. Nxe4 $1 $18 {[%emt 0:00:30] A45: Trompowsky Attack.} Nxe4 {[%emt 0:00:03] [#]} 7. Qd4 $1 d5 8. f3 {[%emt 0:00:49] [#] White has a decisive advantage.} e6 $146 {[%emt 0:00:03] aiming for ...Bc5.} ({Predecessor:} 8... Qa5+ 9. c3 Nc5 10. b4 Qc7 11. bxc5 e6 12. Bb5+ Kd8 13. Bg5+ Be7 14. Bxe7+ Kxe7 {1-0 (25) Isaev,J (2296)-Ermolaev,E (2289) Chess.com INT 2020}) 9. Bb5+ Bd7 10. Bxd7+ Kxd7 11. Qa4+ b5 12. Qxb5+ Kc8 13. fxe4 Qh4+ 14. Kf1 Qxe4 15. Nf3 Be7 16. Bd2 Bd8 17. Bb4 {[%emt 0:02:03] And now Qc6+ would win.} Bc7 18. Bd6 Qxc2 19. Qc5 Qxc5 20. Bxc5 f6 21. exf6 gxf6 22. Rc1 {[%emt 0:00:03] Bd6 is the strong threat.} Kd7 {[%emt 0:00:08] Prevents Bd6.} 23. Kf2 a5 24. Rhd1 Rhg8 25. g3 Rab8 26. b3 Rb5 {[%emt 0:00:16][%cal Ob5c5] Strongly threatening ...Rxc5!} 27. Be3 Bd6 28. Nd4 Rb7 29. a4 h5 30. Nb5 Bb8 31. Bd2 h4 32. gxh4 Bxh2 33. Bxa5 Bg3+ 34. Kf1 f5 (34... Bxh4 $142 35. Rd3 Bg3) 35. Be1 f4 36. Bxg3 Rxg3 37. Rb1 Rb8 38. Kf2 {[%emt 0:08:13] Black must now prevent Rg1.} Rbg8 (38... Rh8 $142 39. Rh1 e5) 39. Rg1 e5 40. Rxg3 Rxg3 {[%emt 0:00:01][%mdl 4096] Endgame KRN-KR} 41. b4 e4 42. Rd1 e3+ 43. Kf1 Ke6 $2 (43... f3 44. Nd4 (44. Rxd5+ Kc8 $18) 44... Rg2) 44. Nc7+ $2 ({White has to play} 44. Ke2 $18 Rg2+ 45. Kd3) 44... Ke5 $11 45. Nxd5 Rf3+ 46. Ke1 (46. Kg1 $16 Rg3+ 47. Kh2 (47. Kf1 Rf3+ 48. Kg2 Rg3+ 49. Kh2 e2 $16)) 46... Rh3 $1 47. Nc3 $2 {[%emt 0:00:17][%mdl 8192] White is now going downhill.} (47. Nxe3 $11 fxe3 48. a5 Rh1+ 49. Ke2 Rxh4 50. Rg1) 47... f3 48. Rd5+ Ke6 49. Kd1 Rh1+ 50. Kc2 f2 51. Rd3 f1=Q 52. Rxe3+ Kd6 53. Re4 Qc1+ 54. Kb3 Rh3 55. Rc4 Qb1+ 56. Ka3 Qd3 57. Kb3 Ke6 58. b5 Rh1 59. Rc6+ Kd7 60. Kb4 Rxh4+ 61. Ka5 Rh8 62. Kb6 Qd4+ 63. Kb7 Qf4 64. Kb6 Rb8+ 65. Ka5 Ra8+ 66. Ra6 Qc7+ 67. Kb4 Rxa6 68. bxa6 Qb6+ 69. Nb5 Qxa6 {[%emt 0:00:02] Black mates.} 70. Nc3 Kc6 71. Nb5 Qb6 72. Kc3 Kc5 73. Kb3 Qa5 74. Nc3 Qb4+ 75. Kc2 Kc4 76. Nb1 Qxa4+ 77. Kb2 Kd3 78. Na3 Qb4+ 79. Ka2 Kc3 80. Nb1+ Kc2 81. Na3+ Kc1 {[%emt 0:00:01] Weighted Error Value: White=0.36/Black=0.49} 0-1

[Event "Slovakia Open 2022"]
[Site "Bratislava"]
[Date "2022.10.01"]
[Round "4.15"]
[White "Stevik, Patrik"]
[Black "Nemsak, Denis"]
[Result "1-0"]
[ECO "C40"]
[WhiteElo "2148"]
[BlackElo "2012"]
[Annotator "TA"]
[PlyCount "51"]
[EventDate "2022.09.30"]
[EventCountry "SVK"]
[SourceTitle "playchess.com"]
[Source "ChessBase"]
[SourceQuality "1"]
[TimeControl "2700+10"]

1. Nf3 f5 2. d3 Nc6 3. e4 e5 4. exf5 d5 5. Bg5 Be7 6. Bxe7 {[%emt 0:00:38] C40: Latvian and Elephant Gambits.} Ngxe7 7. g4 h5 8. Nh4 {[%emt 0:02:16] [#]} (8. gxh5 $17 {might work better.} Qd6 9. Rg1) 8... g5 $146 (8... hxg4 $19 9. Qxg4 Qd6) ({Predecessor:} 8... Qd6 9. Nc3 Qf6 10. Ng6 Nxg6 11. fxg6 Bxg4 12. Be2 Bxe2 13. Qxe2 O-O-O 14. O-O-O Qxg6 {1-0 (25) Khachatryan,T (1771)-Kirchner,M (1813) Willingen 2018}) 9. f6 gxh4 10. fxe7 Qxe7 11. gxh5 Bf5 12. Be2 Qb4+ 13. Nd2 Qxb2 ({Better is} 13... Rf8 $17 {Strongly threatening ...Bh3.} 14. h3 O-O-O) 14. Rb1 $11 Qxa2 15. Bg4 Bh7 (15... Nd4 $11 16. Bxf5 Nxf5) 16. Rxb7 $16 Nd4 17. Rxc7 {[%emt 0:00:57] 0-0 is the strong threat.} Qa5 {[%emt 0:04:47] [#]} (17... O-O $16 {keeps fighting.}) 18. Rg7 $1 $18 {[%emt 0:00:50] Threatens to win with h6.} Rb8 $2 (18... Kf8 {was worth a try.} 19. Rd7 Rd8) 19. O-O Bf5 $2 (19... Kf8) 20. Nf3 {[%emt 0:03:06] White is clearly winning.} Ne6 21. Bxf5 Nxg7 22. Bg6+ Kd8 23. Nxe5 {[%emt 0:00:07] [#] Hoping for Nc6+.} Kc7 {[%emt 0:00:12] Against Nc6} 24. Qg4 {[%emt 0:00:25] Qd7+ would kill now.} Rhd8 {[%emt 0:00:39] Inhibits Qd7+.} 25. Qxh4 {[%emt 0:00:24] And now Qe7+ would win.} Qb4 {[%emt 0:01:01] Inhibits Qe7+.} 26. Qf6 {[%emt 0:00:16] Weighted Error Value: White=0.27 (precise) /Black=0.83} 1-0